 Dungeon Crawl Stone Soup version 0.27.1-34-g3ba077fa99 (webtiles) character file.

Game seed: 5121464634040809174

179 boopmooplesden the Covered (level 5, -2/42 (47) HPs)
             Began as a Minotaur Fighter on Jan 12, 2022.
             Slain by a wight (4 damage)
             ... on level 3 of the Dungeon.
             The game lasted 00:04:53 (3532 turns).

boopmooplesden the Covered (Minotaur Fighter)       Turns: 3532, Time: 00:04:53

HP:   -2/42 (47)    AC:  8    Str: 22    XL:     5   Next: 33%
MP:   4/4           EV:  8    Int:  5    God:
Gold: 118           SH:  9    Dex:  9    Spells: 4/4 levels left

rFire    . . .     SeeInvis .   a - +2 long sword
rCold    . . .     Faith    .   c - +0 kite shield
rNeg     . . .     Spirit   .   b - +0 scale mail
rPois    .         Reflect  .   (helmet restricted)
rElec    .         Harm     .   (no cloak)
rCorr    .         Rampage  .   (no gloves)
Will     .....                  g - +0 pair of boots
Stlth    ..........             (no amulet)
HPRegen  0.14/turn              (no ring)
MPRegen  0.09/turn              (no ring)

@: heavily drained
A: horns 2, retaliatory headbutt
a: no special abilities


You were on level 3 of the Dungeon.
You visited 1 branch of the dungeon, and saw 3 of its levels.

You collected 118 gold pieces.

Inventory:

Hand Weapons
 a - a +2 long sword (weapon)
Armour
 b - a +0 scale mail (worn)
 c - a +0 kite shield (worn)
 g - a +0 pair of boots (worn)
Jewellery
 e - a ring of protection from fire
 h - an amulet of faith
Scrolls
 k - a scroll of identify {unknown}
Potions
 f - a potion of resistance {unknown}
 i - a potion of curing {unknown}
 j - a potion of lignification {unknown}
 l - a potion of cancellation {unknown}


   Skills:
 + Level 4.5 Fighting
 + Level 3.8 Long Blades
 + Level 5.1 Armour
 + Level 0.7 Dodging
 + Level 0.6 Stealth
 + Level 4.4 Shields


You had 4 spell levels left.
You didn't know any spells.
Your spell library contained the following spells:

 Spells                   Type           Power      Damage    Failure   Level
 Sting                    Tmut/Pois      0%         1d3       99%         1
 Poisonous Vapours        Pois/Air       0%         N/A       100%        2
 Olgreb's Toxic Radiance  Pois           0%         N/A       100%        4


Dungeon Overview and Level Annotations

Branches:
Dungeon (3/15)

Altars:
Makhleb

Shops:
D:3 ?


Innate Abilities, Weirdness & Mutations

You have a pair of horns on your head.
You reflexively headbutt those who attack you in melee.


Message History

You hit the wight but do no damage. You closely miss the wight.
Your headbutt misses the wight. The wight hits you but does no damage.
The wight hits you with a +0 war axe.
You feel drained.
You closely miss the wight. The wight completely misses you.
You furiously retaliate!
You headbutt the wight, but do no damage.
You hit the wight but do no damage. The wight hits you with a +0 war axe!
You block the wight's attack.
You hit the wight. You headbutt the wight.
The wight is heavily damaged.
The wight hits you but does no damage.
You barely miss the wight.
The wight is heavily damaged.
The wight hits you but does no damage. You block the wight's attack.
You barely miss the wight. Your headbutt misses the wight.
The wight is heavily damaged.
The wight closely misses you.
You barely miss the wight.
The wight is heavily damaged.
You block the wight's attack.
You closely miss the wight. Your headbutt misses the wight.
The wight is heavily damaged.
The wight hits you with a +0 war axe.
You feel drained. The wight closely misses you. You furiously retaliate!
You headbutt the wight. You hit the wight.
You headbutt the wight, but do no damage.
The wight is almost destroyed.
The wight hits you with a +0 war axe!
* * * LOW HITPOINT WARNING * * *
You closely miss the wight.
The wight is almost destroyed.
The wight hits you with a +0 war axe.
* * * LOW HITPOINT WARNING * * *
The wight hits you with a +0 war axe.
* * * LOW HITPOINT WARNING * * *
You closely miss the wight.
The wight is almost destroyed.
The wight hits you with a +0 war axe.
You die...

#.# #.# #.##......##. #.#
#.# #.##.##...... #.#
##.## #.##.##.#####
####.#####
##...###.##.##.#
.........#
##.....##.......#
._.#.###.#
##.#...######.####
...#.....# #.###.........#
.#######.####.#..#########
.#######.......#@#
.........#######z#
################z#
#..........# #.#######..#
### #.# #..###.##
#####z#######..##.#.##
##....z..#.)......###.#
#.........#.###..#.....#


You could see 2 wights.

Vanquished Creatures
  2 wights (D:3)
  An adder (D:3)
  A white imp (D:3)
  2 worms (D:2)
  A dart slug (D:1)
  An orc (D:3)
  5 endoplasms
  3 giant cockroaches
  8 goblins
  6 hobgoblins
  6 jackals
  6 kobolds
  2 quokkas (D:1)
  11 ball pythons
  4 bats
  7 frilled lizards
  3 rats
69 creatures vanquished.

Notes
Turn   | Place    | Note
-------+----------+-------------------------------------------
     0 | D:1      | boopmooplesden the Minotaur Fighter began the quest for the
                  | Orb.
     0 | D:1      | Reached XP level 1. HP: 19/19 MP: 0/0
    87 | D:1      | Reached XP level 2. HP: 27/27 MP: 1/1
   238 | D:1      | You fall into a shaft and drop 1 floor!
   245 | D:2      | Reached skill level 4 in Armour
   357 | D:2      | Reached XP level 3. HP: 29/33 MP: 2/2
   985 | D:2      | Noticed an ogre
  1796 | D:3      | Reached XP level 4. HP: 41/41 MP: 3/3
  1954 | D:3      | Found Fesocorpho's Magic Scroll Shoppe.
  3127 | D:3      | Found a burning altar of Makhleb.
  3239 | D:3      | Reached skill level 5 in Armour
  3239 | D:3      | Reached XP level 5. HP: 27/47 MP: 4/4
  3531 | D:3      | HP: 2/42 [wight (3)]
  3532 | D:3      | Slain by a wight

Illustrated notes

Levels and vault maps discovered:
D:1:      kennysheep_arrival_forest, layout_loops_ring
D:2:      layout_loops_ring, serial_rivers, chequers_serial_rivers_micro_b,
          chequers_serial_rivers_small_b, chequers_serial_rivers_large_a,
          chequers_serial_rivers_micro_e, chequers_serial_rivers_micro_e
D:3:      layout_loops_corners, bloody_makhleb, serial_shops,
          nicolae_shop_temple_entry_statues_fountains, grunt_decor_one_mirror

Skill      XL: |  1  2  3  4 |
---------------+-------------+-----
Armour         | 4 5 |  5.1
Fighting       | 4 |  4.5
Shields        | 4 |  4.4
Long Blades    | 3 |  3.8
Dodging        | |  0.7
Stealth        | |  0.6

Action                   |  1- 3 |  4- 6 || total
-------------------------+-------+-------++-------
Melee: Long sword        |    78 |    78 ||   156
       Headbutt          |    14 |     9 ||    23
  Use: Scroll            |     4 |     2 ||     6
       Potion            |       |     1 ||     1
Armor: Scale mail        |    37 |    26 ||    63
Dodge: Dodged            |    23 |    24 ||    47
Block: Kite shield       |    57 |    31 ||    88
       Rpst.: Long sword |     6 |     4 ||    10
